 Dungeon Crawl Stone Soup version 0.29.0-11-gd7f09526c8 (webtiles) character file.

Game seed: 9493376361873898106

79 gelatine the Trooper (level 4, -2/41 HPs)
             Began as a Minotaur Fighter on Sept 5, 2022.
             Killed by divine providence
             ... invoked by an orc priest
              (12 damage)
             ... on level 3 of the Dungeon.
             The game lasted 00:03:24 (1802 turns).

gelatine the Trooper (Minotaur Fighter)             Turns: 1802, Time: 00:03:24

Health: -2/41      AC: 12    Str: 22    XL:     4   Next: 17%
Magic:  3/3        EV:  7    Int:  5    God:
Gold:   75         SH:  4    Dex: 10    Spells: 3/3 levels left

rFire   . . .      SeeInvis .   a - +0 war axe
rCold   . . .      Faith    .   c - +0 buckler
rNeg    . . .      Spirit   .   f - +2 chain mail {Will+}
rPois   .          Reflect  .   (helmet restricted)
rElec   .          Harm     .   i - +0 cloak
rCorr   .          Rampage  .   (no gloves)
Will    +....                   (no boots)
Stlth   ..........              (no amulet)
HPRegen 0.13/turn               (no ring)
MPRegen 0.08/turn               (no ring)

@: no status effects
A: horns 2, retaliatory headbutt
a: no special abilities


You were on level 3 of the Dungeon.
You visited 1 branch of the dungeon, and saw 3 of its levels.

You collected 75 gold pieces.

Inventory:

Hand Weapons
 a - a +0 war axe (weapon)
Armour
 b - a +0 scale mail
 c - a +0 buckler (worn)
 f - a +2 chain mail of willpower (worn)
 i - a +0 cloak (worn)
Scrolls
 g - a scroll of blinking {unknown}
 j - a scroll of noise {unknown}
 k - a scroll of fear {unknown}
 l - a scroll of enchant armour {unknown}
 m - a scroll of immolation {unknown}
 q - a scroll of fog {unknown}
Potions
 d - a potion of might
 e - a potion of attraction {unknown}
 h - 2 potions of heal wounds {unknown}
 n - a potion of haste {unknown}
 o - a potion of degeneration {unknown}
 p - 2 potions of curing {unknown}


   Skills:
 + Level 4.3 Fighting
 + Level 3.7 Axes
 + Level 4.0 Armour
 * Level 0.9 Dodging
 + Level 4.2 Shields


You had 3 spell levels left.
You didn't know any spells.
Your spell library was empty.

Dungeon Overview and Level Annotations

Branches:
Dungeon (3/15)

Altars:
Xom
Zin

Annotations:
D:3 1 transporter, Zenkrye's ghost, amateur DjFE


Innate Abilities, Weirdness & Mutations

You have a pair of horns on your head.
You reflexively headbutt those who attack you in melee.


Message History

p - 2 sapphire potions (gained 1)
The angel stares off into space for a moment.
A bat comes into view.
The bat hits you but does no damage. The bat hits you.
You hit the bat.
You kill the bat!
You see here a bat corpse.
You now have 75 gold pieces (gained 12).
You open the door.
An orc priest comes into view. It is wielding a +0 club.
The orc priest shouts!
You hear a shout!
An orc priest comes into view. It is wielding a +0 club. x2
The orc priest mumbles some strange prayers to Beogh against you.
Beogh smites you!
Found 24 gold pieces. 2 orcs come into view.
Found a glowing jade ring.
The orc shouts!
The orc priest shouts! x2
The orc priest looks braver for a moment.
There is an open door here.
The orc priest miscasts a cantrip.
The orc priest mumbles some strange prayers to Beogh against you.
Pain shoots through your body!
* * * LOW HITPOINT WARNING * * *
You see here a ring of ice.
The orc priest begins to cast a cantrip, but forgets the words!
You hit the orc priest.
The orc priest is moderately wounded.
You slash the orc!
You kill the orc!
The orc priest calls upon Beogh to heal the orc priest.
The orc priest's wounds heal themselves!
The orc priest hits you with a +0 club.
* * * LOW HITPOINT WARNING * * *
You slash the orc!
You kill the orc!
You hit the orc priest.
The orc priest mumbles some strange prayers to Beogh against you.
Beogh smites you!
You die...

##.†######
##..## ##..##
#..## #.##
#.#
#####'#######
#....^.=....#
#......@....#
#..$...oo...#
#.....o.....#
#...........#
#.......$...#
#...........#
............#
.#...########


You could see 3 orc priests.

Vanquished Creatures
  An iguana (D:3)
  A worm (D:2)
  2 orcs (D:3)
  3 bats
  A giant cockroach (D:3)
  7 goblins
  5 hobgoblins
  3 jackals (D:1)
  6 quokkas
  4 ball pythons
  A frilled lizard (D:1)
  8 kobolds
  4 rats
46 creatures vanquished.

Vanquished Creatures (others)
  A goblin (D:3)
1 creature vanquished.

Grand Total: 47 creatures vanquished

Notes
Turn   | Place    | Note
-------+----------+-------------------------------------------
     0 | D:1      | gelatine the Minotaur Fighter began the quest for the Orb.
     0 | D:1      | Reached XP level 1. HP: 19/19 MP: 0/0
    53 | D:1      | Found a faded altar of an unknown god.
    56 | D:1      | Reached XP level 2. HP: 27/27 MP: 1/1
   734 | D:1      | Reached XP level 3. HP: 33/33 MP: 2/2
  1636 | D:3      | Noticed Zenkrye's ghost (amateur DjFE)
  1638 | D:3      | Found a transporter.
  1638 | D:3      | Noticed an ogre
  1638 | D:3      | Noticed an ogre
  1640 | D:3      | Noticed an ogre
  1686 | D:3      | Reached XP level 4. HP: 36/41 MP: 3/3
  1748 | D:3      | Noticed an angel
  1749 | D:3      | Found a glowing silver altar of Zin.
  1749 | D:3      | Found a shimmering altar of Xom.
  1802 | D:3      | Killed from afar by an orc priest

Illustrated notes

Levels and vault maps discovered:
D:1:      spicycebolla_arrival_risky_transporter, layout_basic,
          shapermc_ecumenical_altar_starsandcircs
D:2:      layout_basic
D:3:      kennysheep_six_static_rooms, layout_basic,
          grunt_temple_overflow_order_and_chaos_1, elyvilon_altar_3,
          marbit_many_paths, gammafunk_ghost_smash,
          amcnicky_mini_rare_corridor_liquid

Skill      XL: |  1  2  3 |
---------------+----------+-----
Fighting       | 4 |  4.3
Shields        | 4 |  4.2
Axes           | 3 |  3.7
Armour         | 4 |  4.0
Dodging        | |  0.9

Action                   |  1- 3 |  4- 6 || total
-------------------------+-------+-------++-------
Melee: War axe           |    87 |     7 ||    94
       Headbutt          |    10 |     1 ||    11
Armor: Scale mail        |     5 |       ||     5
       Chain mail        |    60 |     4 ||    64
Dodge: Dodged            |    34 |       ||    34
Block: Buckler           |    23 |     1 ||    24
